 Dungeon Crawl Stone Soup version 0.24.0-123-gd5b16e6ec5 (webtiles) character file.

Game seed: 11664758039080646823, levelgen mode: deterministic

105 dhhh the Poker (level 4, -7/35 HPs)
             Began as a Demonspawn Berserker on Dec 17, 2019.
             Was a Believer of Trog.
             Mangled by a gnoll
             ... wielding a +0 spear
              (8 damage)
             ... on level 3 of the Dungeon.
             The game lasted 00:12:54 (2245 turns).

dhhh the Poker (Demonspawn Berserker)               Turns: 2245, Time: 00:12:55

Health: -7/35      AC:  2    Str: 18    XL:     4   Next: 53%
Magic:  4/4        EV: 12    Int:  9    God:    Trog [**....]
Gold:   98         SH:  0    Dex: 12    Spells: 3/3 levels left

rFire    . . .     SeeInvis .   q - +3 short sword (speed)
rCold    . . .     Gourm    .   (no shield)
rNeg     . . .     Faith    .   b - +0 animal skin
rPois    .         Spirit   .   (no helmet)
rElec    .         Reflect  .   (no cloak)
rCorr    .         Harm     .   (no gloves)
MR       .....                  (no boots)
Stlth    +.........             (no amulet)
HPRegen  0.11/turn              (no ring)
MPRegen  0.09/turn              (no ring)

@: no status effects
A: demonic guardian 1, powered by pain 2
a: Berserk, Trog's Hand, Renounce Religion


You were on level 3 of the Dungeon.
You worshipped Trog.
Trog was pleased with you.
You were not hungry.

You visited 1 branch of the dungeon, and saw 3 of its levels.

You collected 98 gold pieces.

Inventory:

Hand Weapons
 a - a +0 spear
 o - a +1 short sword of venom
 q - a +3 short sword of speed (weapon)
Missiles
 p - 12 poisoned darts (quivered)
Armour
 b - a +0 animal skin (worn)
 m - a +0 scale mail
Scrolls
 e - 4 scrolls of remove curse
 h - 2 scrolls of noise
Potions
 d - a potion of berserk rage {unknown}
 f - a potion of cancellation {unknown}
 i - 3 potions of flight {unknown}
 k - 2 potions of haste {unknown}
 l - 2 potions of curing {unknown}
Comestibles
 c - 2 rations


   Skills:
 - Level 3.5 Fighting
 * Level 1.0 Short Blades
 - Level 3.9 Polearms
 - Level 2.0 Armour
 - Level 2.3 Dodging


You had 3 spell levels left.
You didn't know any spells.
Your spell library was empty.

Dungeon Overview and Level Annotations

Branches:
Dungeon (3/15)

Altars:
Dithmenos
Hepliaklqana


Innate Abilities, Weirdness & Mutations

A weak demonic guardian rushes to your aid.
You sometimes gain power by taking damage.


Message History

The gnoll hits your white imp with a +0 spear!
Your white imp dies!
There are monsters nearby!
The gnoll hits you from afar with a +0 spear!
* * * LOW HITPOINT WARNING * * *
The hobgoblin closely misses you.
You hit the hobgoblin.
You kill the hobgoblin!
Trog accepts your kill.
The gnoll hits you from afar with a +0 spear!
* * * LOW HITPOINT WARNING * * *
The gnoll misses you.
You see here a hobgoblin corpse.
You hit the gnoll but do no damage.
The gnoll is heavily wounded.
The gnoll misses you.
You hit the gnoll.
The gnoll is almost dead.
The gnoll hits you with a +0 spear!
You die...

#.# #.# #.# #.#
#######.# ........#
......).#
........############
.....)...g@.........
......[############.
....... ###.### #' .
.


You could see a gnoll.

Vanquished Creatures
  2 adders (D:2)
  A worm (D:2)
  7 dart slugs
  3 leopard geckos (D:1)
  5 bats
  2 giant cockroaches (D:2)
  3 goblins
  5 hobgoblins
  2 jackals (D:1)
  3 kobolds
  2 quokkas (D:2)
  A ball python (D:2)
  A frilled lizard (D:1)
  3 rats (D:2)
40 creatures vanquished.

Vanquished Creatures (collateral kills)
  Terence (D:2)
  2 gnolls (D:3)
  A goblin (D:2)
  2 hobgoblins (D:2)
6 creatures vanquished.

Grand Total: 46 creatures vanquished

Notes
Turn   | Place    | Note
-------+----------+-------------------------------------------
     0 | D:1      | dhhh the Demonspawn Berserker began the quest for the Orb.
     0 | D:1      | Reached XP level 1. HP: 18/18 MP: 1/1
    48 | D:1      | Gained mutation: A weak demonic guardian rushes to your
                  | aid. [demonic ancestry]
    48 | D:1      | Reached XP level 2. HP: 21/24 MP: 2/2
   643 | D:1      | Gained mutation: You sometimes gain a little power by
                  | taking damage. [demonic ancestry]
   643 | D:1      | Reached XP level 3. HP: 22/29 MP: 3/3
   892 | D:2      | Found a shadowy altar of Dithmenos.
  1001 | D:2      | Noticed Terence
  1030 | D:2      | Reached ** piety under Trog
  1032 | D:2      | Killed Terence
  1035 | D:2      | Gained mutation: You sometimes gain power by taking damage.
                  | [demonic ancestry]
  1035 | D:2      | Reached XP level 4. HP: 8/35 MP: 4/4
  1403 | D:2      | Found a hazy altar of Hepliaklqana.
  2234 | D:3      | Reached skill level 1 in Short Blades
  2242 | D:3      | HP: 1/35 [gnoll/+0 spear (8)]
  2245 | D:3      | Mangled by a gnoll

Levels and vault maps discovered:
D:1:      lightli_arrival_noodles, layout_loops_ring
D:2:      layout_basic, nicolae_overflow_hidden_temple, lemuel_round_altar,
          uniq_terence
D:3:      minmay_octagon_keep, layout_basic

Skill      XL: |  1  2  3  4 |
---------------+-------------+-----
Polearms       | 3 |  3.9
Armour         | 2 |  2.0
Dodging        | 2 |  2.3
Short Blades   | 1 |  1.0
Fighting       | |  3.5

Action                   |  1- 3 |  4- 6 || total
-------------------------+-------+-------++-------
Melee: Spear             |   115 |    33 ||   148
       Short sword       |       |    19 ||    19
Invok: Berserk           |     1 |     1 ||     2
  Use: Scroll            |       |     5 ||     5
 Stab: Sleeping          |     1 |       ||     1
  Eat: Ration            |       |     2 ||     2
Armor: Animal skin       |     6 |     6 ||    12
Dodge: Dodged            |    52 |    29 ||    81
